 Dungeon Crawl Stone Soup version 0.30-a0-1124-g6e8f0f562f (webtiles) character file.

Game seed: 10923652731302694676

21 themarg the Caller (level 2, 19/19 HPs)
             Began as a Merfolk Summoner on Apr 24, 2023.
             Was a Follower of Zin.
             Quit the game on level 2 of the Dungeon.
             The game lasted 00:03:09 (1025 turns).

themarg the Caller (Merfolk Summoner)               Turns: 1025, Time: 00:03:09

Health: 19/19      AC:  3    Str:  8    XL:     2   Next: 83%
Magic:  5/5        EV: 12    Int: 14    God:    Zin [*.....]
Gold:   26         SH:  0    Dex: 14    Spells: 2/5 levels left

rFire   . . .        h - +0 short sword
rCold   + . .        (no shield)
rNeg    . . .        a - +0 robe
rPois   .            (no helmet)
rElec   .            c - +0 cloak
rCorr   .            (no gloves)
SInv    .            (no boots)
Will    .....        (no amulet)
Stlth   ++           e - ring of protection from cold
HPRegen 0.23/turn    (no ring)
MPRegen 0.09/turn

%: no passive effects
@: no status effects
A: (nimble swimmer 2), mertail
a: Renounce Religion, Recite, Donate Gold


You were on level 2 of the Dungeon.
You worshipped Zin.
Zin was aware of your devotion.
You visited 1 branch of the dungeon, and saw 2 of its levels.

You collected 28 gold pieces.
You donated 2 gold pieces to Zin.

Inventory:

Hand Weapons
 h - a +0 short sword (weapon)
Missiles
 f - 27 stones
Armour
 a - a +0 robe (worn)
 c - a +0 cloak (worn)
Jewellery
 e - a ring of protection from cold (left hand)
Scrolls
 g - 2 scrolls of teleportation {unknown}
 i - a scroll of fear {unknown}
 j - a scroll of fog {unknown}
 k - a scroll of immolation {unknown}
Potions
 b - a potion of magic
 d - 2 potions of curing {unknown}
 l - a potion of might {unknown}


   Skills:
 - Level 2.6 Dodging
 - Level 3.0 Stealth
 - Level 2.0 Spellcasting
 + Level 4.4 Summonings


You had 2 spell levels left.
You knew the following spells:

 Your Spells              Type           Power      Damage    Failure   Level
a - Summon Small Mammal   Summ           52%        N/A       3%          1
b - Call Imp              Summ           26%        N/A       6%          2

Your spell library contained the following spells:

 Spells                   Type           Power      Damage    Failure   Level
 Call Canine Familiar     Summ           13%        N/A       12%         3
 Summon Guardian Golem    Hex/Summ       7%         N/A       28%         3
 Summon Lightning Spire   Summ/Air       7%         N/A       67%         4


Dungeon Overview and Level Annotations

Branches:
Dungeon (2/15)

Altars:
Zin


Innate Abilities, Weirdness & Mutations

((You are very nimble when in or above water. (Stealth+, EV+, Speed+++)))
Your lower body shifts to a powerful aquatic tail in water.


Message History

Found a stone staircase leading down.
There is an open door here.
k - a scroll labelled YQU CEUDWAUMI You open the door.
There is an open door here.
A hobgoblin comes into view.
Casting this spell will place you under penance.
Really cast? [Y]es or [N]o only, please.
Casting this spell will place you under penance.
Really cast?
Okay, then.
The hobgoblin shouts!
Your rat barely misses the hobgoblin.
The hobgoblin barely misses your rat.
Your rat closely misses the hobgoblin.
The hobgoblin hits your rat.
Your rat dies!
Your rat's corpse disappears in a puff of smoke!
The hobgoblin hits your quokka.
Your quokka bites the hobgoblin.
The hobgoblin hits your quokka.
Your quokka dies!
Your quokka's corpse disappears in a puff of smoke!
Casting this spell will place you under penance.
Really cast?
Okay, then.
Okay, then.
Okay, then.
You hit the hobgoblin.
You kill the hobgoblin!
Okay, then.
Your quokka disappears in a puff of smoke!
Magic restored.
You see here a hobgoblin corpse.
Found a hand axe.
Found an escape hatch in the floor.
There is an escape hatch in the floor here.
You now have 26 gold pieces (gained 8).
You open the door.
There is an open door here.
l - an emerald potion
m - the +1 spear of Ynouxibirph {drain, Contam rC+ Str+3} You drop the +1 spear of Ynouxibirph {drain, Contam rC+ Str+3}.
Are you sure you want to abandon this character and quit the game? (Confirm with "yes".)

#.# #.# #.....#
##'## #.####.##.#
##...## #......##>#
##.....###########.#
##.......## #.#
#.........# #.#
+.........+ #.#
#.........# #.#
##..@....## #.#
##.....## ##.#
##...## ##..# ##+##
#.#.# ##.## #.# #.#
#.#########.#
#.#.#.#.#.#.##


There were no monsters in sight!

Vanquished Creatures
  A hobgoblin (D:2)
  A ball python (D:1)
  A rat (D:1)
3 creatures vanquished.

Vanquished Creatures (collateral kills)
  A dart slug (D:1)
  2 ball pythons (D:1)
  An endoplasm (D:1)
  2 goblins (D:1)
  2 hobgoblins (D:1)
  A quokka (D:1)
  2 bats (D:1)
  3 kobolds (D:1)
  A rat (D:1)
15 creatures vanquished.

Grand Total: 18 creatures vanquished

Notes
Turn   | Place    | Note
-------+----------+-------------------------------------------
     0 | D:1      | themarg the Merfolk Summoner began the quest for the Orb.
     0 | D:1      | Reached XP level 1. HP: 13/13 MP: 3/3
   209 | D:1      | Reached XP level 2. HP: 16/19 MP: 1/5
   212 | D:1      | Learned a level 2 spell: Call Imp
   827 | D:1      | Found a faded altar of an unknown god.
   830 | D:1      | Prayed at the altar of an unknown god.
   830 | D:1      | Became a worshipper of Zin the Law-Giver
   830 | D:1      | Reached * piety under Zin
  1022 | D:2      | Identified the +1 spear of Ynouxibirph {drain, Contam rC+
                  | Str+3}
  1025 | D:2      | Quit the game

Illustrated notes

Levels and vault maps discovered:
D:1:      saegor_arrival_simple_e, layout_rooms,
          shapermc_ecumenical_altar_mp_vishouse
D:2:      layout_loops_corners, fountainhead, kennysheep_crisscross,
          minmay_split_cup_small

Skill      XL: |  1  2 |
---------------+-------+-----
Stealth        | 3 |  3.0
Dodging        | |  2.6
Spellcasting   | |  2.0
Summonings     | |  4.4

Action                     || total
---------------------------++-------
  Melee: Club              ||    10
         Unarmed           ||     1
         Dagger            ||     2
         Short sword       ||     2
   Cast: Summon Small Mamm ||    27
         Call Imp          ||     5
   Stab: Sleeping          ||     1
 Armour: Robe              ||     5
  Dodge: Dodged            ||     9

Table legend: (Time is in decaauts)
 A = Elapsed time spent in this place.
 B = Non-inter-level travel time spent in this place.
 C = Inter-level travel time spent in this place.
 D = Time resting spent in this place.
 E = Time spent auto-exploring this place.
 F = Levels seen in this place.
 G = Mean time per level.
                   A        B        C        D        E       F      G
               +--------+--------+--------+--------+--------+-----+--------+
         Total |   1025 |   1010 |     15 |     33 |    789 |   2 |  512.5 |
       Dungeon |   1025 |   1010 |     15 |     33 |    789 |   2 |  512.5 |
               +--------+--------+--------+--------+--------+-----+--------+

Top non-repeatable levels by time:
     D:1: 887 daAuts
     D:2: 138 daAuts
